 Dungeon Crawl Stone Soup version 0.19.0-24-gb05acd6 (webtiles) character file.

17276 Gargo the Thaumaturge (level 12, 0/70 HPs)
             Began as a Gargoyle Earth Elementalist on Nov 22, 2016.
             Was a Priest of Vehumet.
             Splashed by an oklob plant's acid (18 damage)
             ... on level 1 of the Lair of Beasts.
             The game lasted 01:33:34 (14001 turns).

Gargo the Thaumaturge (GrEE)                       Turns: 14001, Time: 01:33:40

Health: 0/70       AC: 16    Str: 15    XL:     12   Next: 46%
Magic:  1/34       EV: 13    Int: 21    God:    Vehumet [***...]
Gold:   360        SH:  0    Dex: 10    Spells: 5 memorised, 15 levels left

rFire  + . .     SeeInvis .     a - +0 whip (flame)
rCold  . . .     Gourm    +     I - +3 leather armour of Waphuew {rF+}
rNeg   + . .     Faith    .     (no shield)
rPois  ∞         Spirit   .     h - +0 helmet
rElec  +         Reflect  .     H - +1 cloak
rCorr  .         Harm     .     k - +0 pair of gloves {Str+3}
MR     .....                    (no boots)
Stlth  ++........               T - amulet of the gourmand
                                L - ring of magical power
                                E - +5 ring of slaying

@: corroded
A: negative energy resistance 1, electricity resistance, unbreathing,
petrification resistance, rot immunity, AC +8
a: Renounce Religion


You were on level 1 of the Lair of Beasts.
You worshipped Vehumet.
Vehumet was most pleased with you.
You were very full.

You visited 3 branches of the dungeon, and saw 13 of its levels.
You also visited: Sewer.

You collected 560 gold pieces.
You spent 200 gold pieces at shops.

Inventory:

Hand Weapons
 a - a +0 whip of flaming (weapon)
Missiles
 l - 371 stones (quivered)
Armour
 h - a +0 helmet (worn)
 k - a +0 pair of gloves of strength (worn)
 m - a +2 hat of spirit shield
 H - a +1 cloak (worn)
 I - the +3 leather armour of Waphuew (worn) {rF+}
   (You found it on level 4 of the Dungeon)

   It protects you from fire.
Jewellery
 j - an uncursed ring of protection from magic
 E - a +5 ring of slaying (left hand)
 L - a ring of magical power (right hand)
 T - an amulet of the gourmand (around neck)
Wands
 f - a wand of lightning (0/15)
 z - a wand of lightning (0/15)
Scrolls
 b - 2 scrolls of identify
 i - a scroll of fear
 r - 3 scrolls of remove curse
 w - 2 scrolls of teleportation
 D - 2 scrolls of blinking
Potions
 c - 3 potions of flight
 g - a potion of cancellation {unknown}
 v - 5 potions of curing
 J - a potion of haste
 Q - a potion of resistance
Books
 e - Tolashie's Collected Works on Earthen Toxins
   (You found it on level 1 of the Lair of Beasts)

   Spells                             Type                      Level
   a - Sting                          Conjuration/Poison           1
   b - Sandblast                      Earth                        1
   c - Ignite Poison                  Fire/Transmutation/Poison    3
   d - Spider Form                    Transmutation/Poison         3
   e - Venom Bolt                     Conjuration/Poison           5


   Skills:
 + Level 6.3 Fighting
 + Level 5.7 Maces & Flails
 - Level 6.0 Armour
 + Level 4.7 Dodging
 - Level 2.1 Stealth
 * Level 9.8 Spellcasting
 + Level 8.0 Conjurations
   Level 0.7 Transmutations
 + Level 5.0 Fire Magic
 + Level 9.6 Earth Magic
 + Level 5.2 Evocations


You had 15 spell levels left.
You knew the following spells:

 Your Spells              Type           Power        Failure   Level  Hunger
a - Sandblast             Erth           ######       1%          1    None
b - Lee's Rapid Deconstr  Erth           ######....   1%          5    ####...
e - Flame Tongue          Conj/Fire      #####        1%          1    None
f - Fireball              Conj/Fire      #####.....   4%          5    ####...
A - Stone Arrow           Conj/Erth      #####.       1%          3    None


Dungeon Overview and Level Annotations

Branches:
Dungeon (10/15)            Temple (1/1) D:7            Lair (2/6) D:9
  Swamp: Lair:2-4    Shoals: Lair:2-4     Snake: Lair:2-4    Spider: Lair:2-4
    Orc: D:9-12

Altars:
Ashenzari
Elyvilon
Hepliaklqana
Kikubaaqudgha
Qazlal
Sif Muna
Vehumet
Xom
Yredelemnul
The Shining One

Shops:
D:4 %   D:5 =   D:7 *

Annotations:
D:9 1 runed door
Lair:1 exclusion: oklob plant


Innate Abilities, Weirdness & Mutations

You are resistant to torment.
Your stone body is resilient. (AC +8)
You are immune to poison.
You resist negative energy. (rN+)
You are resistant to electric shocks. (rElec)
You can survive without breathing.
You are immune to petrification.
You are immune to rotting.


Message History

The oklob plant is severely damaged.
The oklob plant spits acid at you. The splash of acid hits you!
You are splashed with acid!
The acid burns!
You hit the oklob plant but do no damage.
The oklob plant is severely damaged.
The oklob plant spits acid at you. The splash of acid hits you!
You are splashed with acid!
The acid burns!
You whack the oklob plant! You burn the oklob plant.
The oklob plant is almost destroyed.
The oklob plant spits acid at you. The splash of acid hits you!
You are splashed with acid!
The acid burns!
You hit the oklob plant but do no damage.
The oklob plant is almost destroyed.
You hit the oklob plant. You burn the oklob plant.
The oklob plant is almost destroyed.
The oklob plant spits acid at you. The splash of acid hits you!
* * * LOW HITPOINT WARNING * * *
The acid corrodes you!
You are splashed with acid!
The acid burns!
You die...

#...#### ##..#.....
##..######P.##.....
#..##.............
#..#P.##..###.....
*********########### ######
*≈≈≈≈≈≈≈≈##### ######
*≈≈≈≈≈≈≈*#...# #### #.PP#.
*≈≈≈≈≈**##.P.###P.#####P...
*≈≈**** #P@#**#P.#......P..
*≈≈≈≈* #.######.P....P.P.P
*≈≈****##P.##PPP.....PP...#
*≈≈*,,*#P......P.[.........
*≈**#.PP...P.P....##..P....
*≈*,+P.......P...#####P.###
*≈*,###PPPP.###.P# ####
*≈*,*#..###P.*####
*≈***###* ##P.,*


You could see an oklob plant.

Vanquished Creatures
  Gastronok (Lair:1)
  Erica (D:8)
  A hill giant (D:8)
  5 oklob plants (Lair:1)
  2 black mambas (Lair:1)
  4 spiny frogs (Lair:1)
  2 komodo dragons
  2 trolls (D:9)
  A hornet (D:8)
  4 hippogriffs
  Sigmund (D:6)
  9 yaks
  A wyvern (D:9)
  A human (D:8)
  4 hogs (D:8)
  Edmund (D:5)
  6 soldier ants (D:9)
  4 water moccasins
  4 porcupines
  3 orc warriors
  A black bear (D:9)
  A necrophage (D:5)
  4 ogres
  2 phantoms (D:8)
  2 ice beasts
  4 centaurs
  6 crocodiles
  3 big kobolds
  8 bullfrogs
  3 scorpions
  17 killer bees
  3 howler monkeys (D:9)
  2 centaur zombies (D:6)
  6 crimson imps
  A jelly (D:9)
  5 hounds
  2 orc priests
  2 bullfrog skeletons
  A centaur skeleton (D:8)
  An iguana (D:8)
  Natasha (twice) (D:4)
  9 orc wizards
  9 worker ants
  A killer bee zombie (D:7)
  A hound skeleton (D:5)
  A howler monkey zombie (D:3)
  3 gnolls (D:3)
  4 river rats (D:9)
  8 adders
  A shadow imp (D:9)
  3 oozes
  An adder skeleton (D:5)
  An adder zombie (D:7)
  2 worms (D:3)
  4 leopard geckos
  27 orcs
  17 bats
  5 giant cockroaches
  7 goblins
  5 hobgoblins
  10 jackals
  4 quokkas
  A ball python (D:5)
  6 frilled lizards
  18 kobolds
  2 leopard gecko skeletons
  A quokka skeleton (D:4)
  13 rats
  A bush (Lair:1)
  A fungus (D:9)
  9 plants (Lair:1)
308 creatures vanquished.

Vanquished Creatures (others)
  3 fungi
  10 plants
13 creatures vanquished.

Grand Total: 321 creatures vanquished

Notes
Turn   | Place    | Note
-------+----------+-------------------------------------------
     0 | D:1      | Gargo the Gargoyle Earth Elementalist began the quest for the Orb.
     0 | D:1      | Reached XP level 1. HP: 10/10 MP: 3/3
   222 | D:1      | Reached XP level 2. HP: 12/15 MP: 0/5
  1186 | D:3      | Reached XP level 3. HP: 19/19 MP: 5/7
  1191 | D:3      | Learned a level 3 spell: Stone Arrow
  1281 | D:2      | Reached skill level 1 in Conjurations
  1572 | D:3      | Reached XP level 4. HP: 10/24 MP: 1/8
  1729 | D:3      | Found a glowing drain.
  1740 | Sewer    | Entered a sewer
  1916 | Sewer    | Noticed a crocodile
  1928 | Sewer    | Killed a crocodile
  1928 | Sewer    | Reached skill level 5 in Earth Magic
  1928 | Sewer    | Reached XP level 5. HP: 21/28 MP: 0/10
  2276 | D:2      | Found a glowing golden altar of the Shining One.
  3189 | D:3      | Reached XP level 6. HP: 32/32 MP: 7/12
  3196 | D:3      | Learned a level 5 spell: Lee's Rapid Deconstruction
  3916 | D:5      | Entered Level 5 of the Dungeon
  3955 | D:4      | Found Codanes's Food Shop.
  3973 | D:4      | Noticed Natasha
  4001 | D:4      | Killed Natasha
  4230 | D:4      | Reached skill level 5 in Spellcasting
  4230 | D:4      | Reached XP level 7. HP: 36/36 MP: 7/14
  4491 | D:4      | Noticed Natasha
  4491 | D:4      | Got a shimmering leather armour
  4495 | D:4      | Killed Natasha
  4738 | D:5      | Found Otisogg's Jewellery Shop.
  4866 | D:5      | Bought an uncursed ring of magical power for 200 gold pieces
  5019 | D:5      | Reached XP level 8. HP: 27/41 MP: 16/17
  5256 | D:5      | Reached skill level 1 in Fighting
  5434 | D:5      | Reached skill level 1 in Armour
  5737 | D:5      | Noticed Edmund
  5748 | D:5      | Killed Edmund
  5748 | D:5      | Reached skill level 1 in Maces & Flails
  5748 | D:5      | Reached skill level 1 in Evocations
  6341 | D:6      | Reached skill level 5 in Conjurations
  6447 | D:6      | Found a shimmering altar of Xom.
  6459 | D:6      | Reached XP level 9. HP: 43/49 MP: 18/19
  6502 | D:6      | Identified the +3 leather armour of Waphuew {rF+} (You found it on level 4 of the Dungeon)
  6630 | D:6      | Learned a level 5 spell: Fireball
  6684 | D:6      | Noticed Sigmund
  6690 | D:6      | Killed Sigmund
  6695 | D:6      | Found a basalt altar of Yredelemnul.
  6838 | D:7      | Found a staircase to the Ecumenical Temple.
  6852 | Temple   | Entered the Ecumenical Temple
  6907 | Temple   | Became a worshipper of Vehumet
  7227 | D:7      | Found Sipen's General Store.
  7606 | D:7      | Reached skill level 1 in Fire Magic
  8050 | D:8      | Noticed Erica
  8060 | D:8      | Killed Erica
  8060 | D:8      | Reached XP level 10. HP: 23/56 MP: 8/21
  8434 | D:8      | Noticed a hill giant
  8476 | D:8      | Reached * piety under Vehumet
  8476 | D:8      | Offered knowledge of Flame Tongue by Vehumet.
  8480 | D:8      | Learned a level 1 spell: Flame Tongue
  8561 | D:8      | Killed a hill giant
  8818 | D:8      | Found an ancient bone altar of Kikubaaqudgha.
 10050 | D:9      | Found a faded altar of an unknown god.
 10050 | D:9      | Found a hazy altar of Hepliaklqana.
 10055 | D:9      | Found a shattered altar of Ashenzari.
 10057 | D:9      | Found a faded altar of an unknown god.
 10058 | D:9      | Found a stormy altar of Qazlal.
 10108 | D:9      | Reached skill level 5 in Armour
 10117 | D:9      | Found a staircase to the Lair.
 10205 | Lair:1   | Entered Level 1 of the Lair of Beasts
 10277 | Lair:1   | Reached XP level 11. HP: 62/62 MP: 22/23
 10293 | Lair:1   | Reached ** piety under Vehumet
 10374 | D:10     | Entered Level 10 of the Dungeon
 10389 | D:10     | Offered knowledge of Shock by Vehumet.
 10640 | D:9      | Found a runed door.
 10643 | D:9      | Found a runed gate.
 10661 | D:9      | Found a runed door.
 10704 | D:9      | Found a runed gate.
 10736 | D:9      | Found a runed gate.
 10749 | D:9      | Reached skill level 5 in Fighting
 11377 | Lair:1   | Offered knowledge of Searing Ray by Vehumet.
 11566 | Lair:1   | Reached skill level 5 in Maces & Flails
 11638 | Lair:1   | Reached *** piety under Vehumet
 12088 | Lair:1   | Identified Tolashie's Collected Works on Earthen Toxins
 12347 | Lair:1   | Noticed an oklob plant
 12353 | Lair:1   | Killed an oklob plant
 12426 | Lair:1   | Noticed an oklob plant
 12472 | Lair:1   | Noticed Gastronok
 12616 | Lair:1   | Killed Gastronok
 12616 | Lair:1   | Reached skill level 5 in Evocations
 12616 | Lair:1   | Reached XP level 12. HP: 35/69 MP: 5/25
 13322 | Lair:1   | Offered knowledge of Conjure Flame by Vehumet.
 13815 | Lair:1   | Reached skill level 5 in Fire Magic
 14001 | Lair:1   | Splashed by an oklob plant's acid

Skill      XL: |  1  2  3  4  5  6  7  8  9 10 11 12 |
---------------+-------------------------------------+-----
Earth Magic    | 4 5 6 7 8 9 |  9.6
Spellcasting   | 3 4 5 6 7 8 9 |  9.8
Conjurations   | 1 2 3 4 5 6 7 8 |  8.0
Fighting       | 2 3 4 5 6 |  6.3
Armour         | 2 4 5 6 |  6.0
Maces & Flails | 1 3 4 5 |  5.7
Dodging        | 2 3 4 |  4.7
Evocations     | 1 2 4 5 |  5.2
Fire Magic     | 2 3 4 5 |  5.0
Stealth        | |  2.1
Transmutations | |  0.7

Action                   |  1- 3 |  4- 6 |  7- 9 | 10-12 || total
-------------------------+-------+-------+-------+-------++-------
Melee: Club              |     4 |       |       |       ||     4
       Unarmed           |     1 |       |       |       ||     1
       Short sword       |    26 |    11 |       |       ||    37
       Dagger            |     1 |    25 |     9 |       ||    35
       Dire flail        |       |       |     8 |       ||     8
       Whip              |       |       |     6 |   106 ||   112
 Cast: Sandblast         |    40 |   143 |   170 |   175 ||   528
       Stone Arrow       |       |     8 |    55 |   148 ||   211
       Flame Tongue      |       |       |       |    21 ||    21
       Lee's Rapid Decon |       |       |       |    54 ||    54
       Fireball          |       |       |       |     9 ||     9
Evoke: Wand              |       |     1 |       |     4 ||     5
  Use: Scroll            |     4 |     1 |     7 |    11 ||    23
       Potion            |     3 |       |       |     2 ||     5
 Stab: Sleeping          |     2 |     3 |     6 |       ||    11
  Eat: Fruit             |     2 |       |       |       ||     2
       Chunk             |       |     9 |    22 |    32 ||    63
       Pizza             |       |       |     1 |       ||     1
       Beef jerky        |       |       |       |     1 ||     1
Armor: Robe              |    24 |    39 |    29 |       ||    92
       Leather armour    |       |       |    54 |   163 ||   217
Dodge: Dodged            |    27 |    79 |   102 |   242 ||   450
Block: Other             |       |       |     2 |       ||     2
